 Dungeon Crawl Stone Soup version 0.21-a0-351-g38363bb (webtiles) character file.

218 nikopol the Chopper (level 5, -1/46 HPs)
             Began as a Hill Orc Fighter on Oct 9, 2017.
             Slain by an iguana (5 damage)
             ... on level 3 of the Dungeon.
             The game lasted 00:04:10 (2424 turns).

nikopol the Chopper (Hill Orc Fighter)              Turns: 2424, Time: 00:04:11

Health: -1/46      AC:  8    Str: 20    XL:     5   Next: 95%
Magic:  0/5        EV:  7    Int:  8    God:
Gold:   166        SH:  9    Dex: 10    Spells: 4/4 levels left

rFire    . . .     SeeInvis .   y - +0 hand axe (chop)
rCold    . . .     Gourm    .   c - +0 shield
rNeg     . . .     Faith    .   b - +0 scale mail
rPois    .         Spirit   +   r - +0 helmet
rElec    .         Reflect  .   (no cloak)
rCorr    .         Harm     .   (no gloves)
MR       .....                  (no boots)
Stlth    ..........             v - amulet of guardian spirit
HPRegen  0.15/turn              (no ring)
MPRegen  0.09/turn              (no ring)

@: no status effects
A: no striking features
a: no special abilities


You were on level 3 of the Dungeon.
You were not hungry.

You visited 1 branch of the dungeon, and saw 4 of its levels.

You collected 166 gold pieces.

Inventory:

Hand Weapons
 a - a +0 war axe
 y - a +0 hand axe of chopping (weapon)
Armour
 b - a +0 scale mail (worn)
 c - a +0 shield (worn)
 r - a +0 helmet (worn)
 u - a +1 ring mail of cold resistance
Jewellery
 v - an amulet of guardian spirit (around neck)
 x - a cursed -2 ring of dexterity {unknown}
Wands
 t - a wand of flame (0/48)
Scrolls
 e - 2 scrolls of enchant armour {unknown}
 h - 3 scrolls of teleportation {unknown}
 j - 2 scrolls of blinking {unknown}
 l - a scroll of recharging {unknown}
 n - a scroll of fear {unknown}
 o - a scroll of immolation {unknown}
 p - 6 scrolls of identify {unknown}
 s - a scroll of fog {unknown}
Potions
 d - a potion of might
 g - a potion of lignification {unknown}
 i - 3 potions of heal wounds {unknown}
 m - a potion of magic {unknown}
 q - a potion of haste {unknown}
 z - a potion of resistance {unknown}
Comestibles
 f - 2 bread rations
 k - a royal jelly


   Skills:
 + Level 4.1 Fighting
 + Level 6.1 Axes
 + Level 3.9 Armour
 + Level 0.6 Dodging
 + Level 0.1 Stealth
 + Level 4.2 Shields


You had 4 spell levels left.
You didn't know any spells.

Dungeon Overview and Level Annotations

Branches:
Dungeon (4/15)
 Temple: D:4-7

Altars:


Message History

The quokka bites you.
* * * LOW HITPOINT WARNING * * *
You hit the orc.
You kill the orc!
You hit the iguana but do no damage. You hit the quokka.
The quokka bites you but does no damage.
You block the iguana's attack.
You closely miss the iguana.
The iguana is severely wounded.
You hit the quokka.
You kill the quokka!
The iguana bites you!
* * * LOW HITPOINT WARNING * * *
You closely miss the iguana.
The iguana is severely wounded.
You block the iguana's attack.
You closely miss the iguana.
The iguana is severely wounded.
The iguana bites you!
You die...

......#####........##.##....#....
....#.....#....###..#.##.#..#....
..()....#......# ##.#....#.......
(######.##.....# #.......(#.....
.# #.###....# ###......#..... .#
#.###....# ##.#..#....... .#
#.).#....#####..#...##..... ##
###.^.##..l)...##.#....###. #
##.....[@#..##..##....... #
####.#.######.#......#.....
####.......# #.#......#.....
####....##.##.## #.#......#.###.
.....##....##..####.#........###.
....###.######...##..............
....##..#...............>.....>..
....##.##.######...........#.....
....##....# ####.#......##..#.


You could see an iguana.

Vanquished Creatures
  Ijyb (D:3)
  Natasha (thrice) (D:3)
  2 adders
  An ooze (D:3)
  2 worms
  5 dart slugs
  2 leopard geckos
  6 orcs (D:3)
  A ball python (D:2)
  A giant cockroach (D:3)
  7 hobgoblins
  3 jackals (D:2)
  2 quokkas (D:3)
  13 bats
  4 frilled lizards
  4 goblins
  13 kobolds
  5 rats
75 creatures vanquished.

Notes
Turn   | Place    | Note
-------+----------+-------------------------------------------
     0 | D:1      | nikopol the Hill Orc Fighter began the quest for the Orb.
     0 | D:1      | Reached XP level 1. HP: 19/19 MP: 1/1
   118 | D:1      | Reached XP level 2. HP: 26/27 MP: 2/2
   147 | D:1      | Reached skill level 3 in Axes
   328 | D:1      | Reached XP level 3. HP: 30/33 MP: 3/3
   809 | D:2      | Reached XP level 4. HP: 39/40 MP: 4/4
   838 | D:2      | Reached skill level 4 in Axes
  1405 | D:3      | Noticed Ijyb
  1433 | D:3      | Killed Ijyb
  1630 | D:3      | Noticed Natasha
  1639 | D:3      | Killed Natasha
  1639 | D:3      | Reached skill level 5 in Axes
  1639 | D:3      | Reached XP level 5. HP: 17/46 MP: 0/5
  1925 | D:3      | Noticed Natasha
  1935 | D:3      | Killed Natasha
  2139 | D:3      | Noticed Natasha
  2147 | D:3      | Killed Natasha
  2147 | D:3      | Reached skill level 6 in Axes
  2424 | D:3      | Slain by an iguana

Vault maps used:
D:1:      noname_arrival_rooms_in_the_neighbourhood, minmay_misc_feat_pillars,
          minmay_unequal
D:3:      uniq_natasha, uniq_ijyb
D:4:      first_bread, uniq_blork_the_orc

Skill      XL: |  1  2  3  4  5 |
---------------+----------------+-----
Axes           | 3 5 6 |  6.1
Fighting       | 4 |  4.1
Shields        | 4 |  4.2
Armour         | |  3.9
Dodging        | |  0.6
Stealth        | |  0.1

Action                   |  1- 3 |  4- 6 || total
-------------------------+-------+-------++-------
Melee: War axe           |   105 |   139 ||   244
       Hand axe          |       |     9 ||     9
  Eat: Chunk             |       |     5 ||     5
Armor: Scale mail        |    46 |    72 ||   118
Dodge: Dodged            |    31 |    46 ||    77
Block: Shield            |    77 |    84 ||   161

Table legend:
 A = Spawn XP
 B = Non-spawn XP
 C = Spawn XP percentage of total XP
 D = Spawn monster count
 E = Non-spawn monster count
 F = Spawn count percentage of total count
 G = Total turns spent on level
                    A         B        C        D         E        F      G
               +---------+---------+-------+---------+---------+-------+---------
         Total |       0 |     312 |   0.0 |       0 |      75 |   0.0 |  2424
               +---------+---------+-------+---------+---------+-------+---------
           D:1 |       0 |      57 |   0.0 |       0 |      33 |   0.0 |   737
           D:2 |       0 |      44 |   0.0 |       0 |      16 |   0.0 |   663
           D:3 |       0 |     211 |   0.0 |       0 |      26 |   0.0 |  1018
               +---------+---------+-------+---------+---------+-------+---------
